 Dungeon Crawl Stone Soup version 0.30-a0-728-gc68057be0a (webtiles) character file.

Game seed: 11519325662573040999

151 vineage the Covered (level 5, -5/33 HPs)
             Began as a Gargoyle Fighter on Jan 30, 2023.
             Slain by an ogre
             ... wielding a +0 giant club
              (20 damage)
             ... on level 3 of the Dungeon.
             The game lasted 00:03:35 (2141 turns).

vineage the Covered (Gargoyle Fighter)              Turns: 2141, Time: 00:03:36

Health: -5/33      AC: 18    Str: 21    XL:     5   Next: 33%
Magic:  5/5        EV:  9    Int:  9    God:
Gold:   115        SH:  5    Dex:  9    Spells: 4/4 levels left

rFire   + . .      SeeInvis .    a - +1 flail
rCold   . . .      Faith    .    c - +1 buckler
rNeg    + . .      Spirit   .    k - +4 scale mail {rF+}
rPois   ∞          Reflect  .    (no helmet)
rElec   +          Harm     .    (no cloak)
rCorr   .          Rampage  .    f - +2 pair of gloves
Will    .....                    (no boots) Stlth
                                 (no amulet)
HPRegen 0.25/turn                (no ring)
MPRegen 0.09/turn                (no ring)

@: mighty
A: sickness immunity, AC +4, negative energy resistance 1, electricity
resistance, torment resistance 1, petrification resistance
a: no special abilities


You were on level 3 of the Dungeon.
You visited 1 branch of the dungeon, and saw 3 of its levels.

You collected 115 gold pieces.

Inventory:

Hand Weapons
 a - a +1 flail (weapon)
Armour
 c - a +1 buckler (worn)
 f - a +2 pair of gloves (worn)
 k - a +4 scale mail of fire resistance (worn)
Scrolls
 e - a scroll of poison {unknown}
Potions
 b - 2 potions of curing {unknown}
 g - a potion of lignification {unknown}
 h - a potion of flight
 i - a potion of heal wounds
 j - a potion of degeneration {unknown}
 l - a potion of haste {unknown}
 n - a potion of attraction
 o - 2 potions of resistance {unknown}


   Skills:
 + Level 4.0 Fighting
 * Level 3.7 Maces & Flails
 + Level 4.1 Armour
 + Level 4.1 Shields


You had 4 spell levels left.
You didn't know any spells.
Your spell library was empty.

Dungeon Overview and Level Annotations

Branches:
Dungeon (3/15)

Altars:

Shops:
D:2 (


Innate Abilities, Weirdness & Mutations

You are immune to sickness and miasma.
Your stone body is resilient. (AC +4)
You are immune to poison.
You resist negative energy. (rN+)
You are resistant to electric shocks. (rElec)
You are resistant to unholy torment.
You are immune to petrification.


Message History

You are too injured to fight recklessly!
You are too injured to fight recklessly!
You are too injured to fight recklessly!
You are too injured to fight recklessly!
You are too injured to fight recklessly!
You are too injured to fight recklessly!
You are too injured to fight recklessly!
The hobgoblin attacks as you move away! The hobgoblin completely misses you.
The endoplasm hits you but does no damage.
The endoplasm attacks as you move away! The endoplasm barely misses you.
The frilled lizard hisses.
The endoplasm jiggles.
The endoplasm attacks as you move away! The endoplasm closely misses you.
The hobgoblin attacks as you move away! The hobgoblin hits you.
You see here 3 gold pieces.
You feel very mighty all of a sudden. The hobgoblin misses you.
You hit the hobgoblin.
The hobgoblin is severely wounded.
The hobgoblin hits you.
The hobgoblin hits you but does no damage.
You sock the hobgoblin!
You kill the hobgoblin!
You closely miss the frilled lizard. The frilled lizard barely misses you.
You closely miss the frilled lizard.
The frilled lizard bites you but does no damage. x2
You barely miss the frilled lizard.
The frilled lizard bites you but does no damage.
You miss the frilled lizard. You block the frilled lizard's attack.
You closely miss the frilled lizard. You block the frilled lizard's attack.
You hit the frilled lizard.
You kill the frilled lizard!
You hit the ogre.
The ogre is moderately wounded.
The ogre hits you but does no damage.
You closely miss the ogre.
The ogre is moderately wounded.
The ogre hits you with a +0 giant club!!
Ouch! That really hurt!
You die...

###.###........<...# #
#####...###### ##.## #.#
### #.# ..# #.### #.#
#...# #.# ###.# #. #@#
#.######### ####. #O#
#.##....... .....##J#
#.##.######
###...#w######.##.######
........................
.$.............#######.#
8.....8....##### ##.
........##.# ##
............# #


You could see an ogre, a worm and an endoplasm.

Vanquished Creatures
  Terence (D:2)
  3 gnolls (D:2)
  4 adders (D:2)
  An orc (D:2)
  5 ball pythons
  7 endoplasms
  A giant cockroach (D:1)
  7 hobgoblins
  8 kobolds
  A quokka (D:3)
  8 bats
  3 frilled lizards
  6 goblins
  5 rats
60 creatures vanquished.

Vanquished Creatures (others)
  A plant (D:2)
1 creature vanquished.

Grand Total: 61 creatures vanquished

Notes
Turn   | Place    | Note
-------+----------+-------------------------------------------
     0 | D:1      | vineage the Gargoyle Fighter began the quest for the Orb.
     0 | D:1      | Reached XP level 1. HP: 14/14 MP: 1/1
     0 | D:1      | Noticed a gargoyle
     2 | D:1      | Noticed a demigod
     4 | D:1      | Noticed a demigod
     7 | D:1      | Noticed a demigod
     9 | D:1      | Noticed a merfolk
    13 | D:1      | Noticed a human
    13 | D:1      | Noticed a gargoyle
    15 | D:1      | Noticed a naga
    17 | D:1      | Noticed a felid
    17 | D:1      | Noticed an ogre
    19 | D:1      | Noticed an octopode
   213 | D:1      | Reached XP level 2. HP: 18/19 MP: 2/2
   520 | D:1      | Reached XP level 3. HP: 23/23 MP: 3/3
  1123 | D:2      | Reached XP level 4. HP: 29/29 MP: 4/4
  1391 | D:2      | Found Ucziamn's Antique Weapon Shoppe.
  1398 | D:2      | Noticed Terence
  1418 | D:2      | Killed Terence
  1419 | D:2      | Reached XP level 5. HP: 24/33 MP: 5/5
  2119 | D:3      | Noticed an ogre
  2141 | D:3      | Slain by an ogre

Illustrated notes

Levels and vault maps discovered:
D:1:      shiori_arrival_whats_in_store_for_you, layout_loops_corners,
          minmay_octomino_j4
D:2:      layout_loops_ring, serial_shops, nicolae_shop_waterfront,
          chequers_mini_garden, corexii_shack, uniq_terence
D:3:      layout_loops_ring, hellmonk_ecumenical_altar_inner_sanctum,
          st_stairs_1

Skill      XL: |  1  2  3  4 |
---------------+-------------+-----
Maces & Flails | 3 |  3.7
Fighting       | 4 |  4.0
Armour         | 4 |  4.1
Shields        | 4 |  4.1

Action                     |  1- 3 |  4- 6 || total
---------------------------+-------+-------++-------
  Melee: Flail             |   115 |   104 ||   219
    Use: Scroll            |     8 |     1 ||     9
         Potion            |       |     1 ||     1
 Armour: Scale mail        |    71 |    56 ||   127
  Dodge: Dodged            |    67 |    40 ||   107
  Block: Buckler           |    26 |    41 ||    67

Table legend: (Time is in decaauts)
 A = Elapsed time spent in this place.
 B = Non-inter-level travel time spent in this place.
 C = Inter-level travel time spent in this place.
 D = Time resting spent in this place.
 E = Time spent auto-exploring this place.
 F = Levels seen in this place.
 G = Mean time per level.
                   A        B        C        D        E       F      G
               +--------+--------+--------+--------+--------+-----+--------+
         Total |   2204 |   2144 |     60 |     43 |   1565 |   3 |  734.7 |
       Dungeon |   2204 |   2144 |     60 |     43 |   1565 |   3 |  734.7 |
               +--------+--------+--------+--------+--------+-----+--------+

Top non-repeatable levels by time:
     D:1: 987 daAuts
     D:2: 900 daAuts
     D:3: 317 daAuts
